 Dungeon Crawl Stone Soup version 0.22-b1-21-g5cfc168 (webtiles) character file.

169 Gorglomux the Ducker (level 5, -2/41 HPs)
             Began as a Merfolk Transmuter on Aug 2, 2018.
             Slain by an orc wizard
             ... wielding a +0 dagger
              (3 damage)
             ... on level 2 of the Dungeon.
             The game lasted 00:04:43 (2765 turns).

Gorglomux the Ducker (Merfolk Transmuter)           Turns: 2765, Time: 00:04:44

Health: -2/41      AC:  2    Str: 11 (12) XL:     5   Next: 50%
Magic:  8/17       EV: 23    Int: 11 (12) God:
Gold:   92         SH:  0    Dex: 18 (19) Spells: 2/8 levels left

rFire    . . .     SeeInvis .     - Unarmed
rCold    . . .     Gourm    .   (shield currently unavailable)
rNeg     . . .     Faith    .   (armour currently unavailable)
rPois    x         Spirit   .   (helmet currently unavailable)
rElec    .         Reflect  .   (cloak currently unavailable)
rCorr    .         Harm     .   (gloves currently unavailable)
MR       .....                  (boots currently unavailable)
Stlth    ++........             (no amulet)
HPRegen  0.13/turn              j - ring of magical power
MPRegen  0.15/turn              (no ring)

@: spider-form (expiring), flying, very slightly contaminated
A: tiny, (change form in water), (swift swim), (stealthy swim)
a: End Transformation


You were on level 2 of the Dungeon.
You were very hungry.
You were a venomous arachnid creature.
You visited 1 branch of the dungeon, and saw 3 of its levels.

You collected 92 gold pieces.

Inventory:

Missiles
 a - 2 arrows
Armour
 b - a +0 robe (melded)
Jewellery
 j - a ring of magical power (left front leg)
Scrolls
 g - a scroll of immolation {unknown}
 p - a scroll of enchant armour {unknown}
 q - a scroll of enchant weapon {unknown}
Potions
 e - a potion of mutation {!q}
 f - a potion of resistance
Comestibles
 d - 2 rations


   Skills:
 + Level 3.3 Fighting
 + Level 4.8 Dodging
 + Level 4.6 Unarmed Combat
 - Level 2.0 Spellcasting
 - Level 2.6 Transmutations


You had 2 spell levels left.
You knew the following spells:

 Your Spells              Type           Power        Failure   Level  Hunger
a - Beastly Appendage     Tmut           #.....       24%         1    ##.....
b - Sticks to Snakes      Tmut           #.......     32%         2    ###....
c - Spider Form           Tmut/Pois      #.........   67%         3    ####...

Your spell library contained the following spells:

 Spells                   Type           Power        Failure   Level  Hunger
 Blade Hands              Tmut           #.........   99%         5    ######.
 Ice Form                 Ice/Tmut       #.......     95%         4    #####..


Dungeon Overview and Level Annotations

Branches:
Dungeon (3/15)

Altars:

Annotations:
D:2 Sigmund


Message History

Butt feel less confused!
You butt some strange, mumbled butts!
Something tries to affect you, but you resist!
Casting: Spider Form (slightly dangerous; 45% risk of failure)
Confirm with ! or Enter, or press ? or * to list all spells!
You miscast Spider Form!
Strange energies run through your body! Something hits you but does no butt!
Casting: Spider Form (slightly dangerous; 45% risk of failure)
Confirm with ! or Enter, or press ? or * to list all butts!
You miscast Spider Form!
You feel faint for a moment!
You are feeling butt hungry!
Something hits you! * * * don't die
* * *
Casting: Spider Form (slightly dangerous; 45% butt of failure)
Confirm with ! or Enter, or press ? or * to list all spells!
You turn into a venomous arachnid creature!
Your +0 robe melds into your body!
Something hits you! * * * don't die
* * * You closely miss something!
Something hits you! rip

##.###...{##.# #.#
#######.# #.# #.# ##+##
#.# ##...## #.#
##.....## #.####
##)......## ##....#
#.........####.).#.##
'.........+....{s...##
#.........####.).#.#.##
##.......## ##..##.##.#
##.....## #......##.#
##...## ##..#####.#
##'## #.#.###.##
#####.### #.##.[.##
........# #.######
....#.#.# #.#


There were no monsters in sight!

Vanquished Creatures
  An orc wizard (D:2)
  7 adders (D:2)
  An ooze (D:1)
  2 worms (D:2)
  4 dart slugs
  4 leopard geckos
  6 bats
  4 giant cockroaches
  6 goblins
  7 hobgoblins
  3 jackals (D:1)
  8 kobolds
  2 quokkas (D:2)
  A ball python (D:1)
  3 frilled lizards
  4 rats
63 creatures vanquished.

Vanquished Creatures (collateral kills)
  A worm (D:2)
  An orc (D:2)
2 creatures vanquished.

Grand Total: 65 creatures vanquished

Notes
Turn   | Place    | Note
-------+----------+-------------------------------------------
     0 | D:1      | Gorglomux the Merfolk Transmuter began the quest for the Orb.
     0 | D:1      | Reached XP level 1. HP: 15/15 MP: 3/3
   291 | D:1      | Reached skill level 3 in Dodging
   291 | D:1      | Reached XP level 2. HP: 21/21 MP: 5/5
   578 | D:1      | Learned a level 2 spell: Sticks to Snakes
   601 | D:1      | Reached XP level 3. HP: 25/27 MP: 4/6
  1028 | D:2      | Reached XP level 4. HP: 23/34 MP: 2/7
  1127 | D:2      | Noticed Sigmund
  1133 | D:2      | Learned a level 3 spell: Spider Form
  2078 | D:2      | Reached skill level 3 in Fighting
  2078 | D:2      | Reached XP level 5. HP: 36/41 MP: 8/8
  2709 | D:3      | Noticed an ogre
  2764 | D:2      | HP: 1/41 [something (5)]
  2765 | D:2      | Slain by an orc wizard

Skill      XL: |  1  2  3  4 |
---------------+-------------+-----
Dodging        | 3 4 |  4.8
Fighting       | 2 3 |  3.3
Unarmed Combat | 4 |  4.6
Spellcasting   | |  2.0
Transmutations | |  2.6

Action                   |  1- 3 |  4- 6 || total
-------------------------+-------+-------++-------
Melee: Unarmed           |    87 |   143 ||   230
       Headbutt          |    10 |     5 ||    15
       Punch             |       |     3 ||     3
 Cast: Beastly Appendage |    13 |     8 ||    21
       Sticks to Snakes  |     1 |     9 ||    10
       Spider Form       |       |     1 ||     1
  Use: Potion            |       |     3 ||     3
       Scroll            |       |     2 ||     2
 Stab: Sleeping          |       |     2 ||     2
  Eat: Chunk             |     1 |     6 ||     7
Armor: Robe              |    14 |    17 ||    31
Dodge: Dodged            |    73 |   115 ||   188
